San Jose Sharks vs Vegas Golden Knights
Created - Saturday, May 24, 2025 at 08:27
Goals
|
| San Jose Sharks |
1 |
0 |
0 |
0 |
0 |
1 |
| Vegas Golden Knights |
1 |
0 |
0 |
0 |
1 |
2 |
|
Shots
|
| San Jose Sharks |
9 |
22 |
11 |
0 |
3 |
42 |
| Vegas Golden Knights |
10 |
11 |
9 |
0 |
2 |
30 |
|
1st period
1. San Jose Sharks , Adam Henrique 20 (Kevin Fiala 47, Noel Acciari 9) at 9:31
2. Vegas Golden Knights , Tyler Toffoli 25 (Johnny Gaudreau 27, Sean Monahan 50) at 12:00
Penalties :
Brendan Smith (VGK) for Roughing (Minor) at 15:00
2nd period
No Goal
Penalties :
Danton Heinen (VGK) for Roughing (Minor) at 0:14, Dmitry Orlov (SJS) for Goalie Interference (Minor) at 3:32
3rd period
No Goal
Penalties :
Jordan Staal (VGK) for Tripping (Minor) at 3:41, Nick Perbix (SJS) for Slashing (Minor) at 9:12
Overtime #1
No Goal
Penalties :
No Penalty
Shootout
San Jose Sharks, Adam Henrique - Stopped by Semyon Varlamov
Vegas Golden Knights, Auston Matthews - Stopped by Stuart Skinner
San Jose Sharks, Kevin Fiala - Stopped by Semyon Varlamov
Vegas Golden Knights, Bryan Rust - Goal!
San Jose Sharks, Ryan Johansen - Stopped by Semyon Varlamov
Penalties :
No Penalty
Goalie Stats
Stuart Skinner (SJS), 29 saves from 30 shots - (0.967), OTL, 32-16-7, 65:00 minutes
Semyon Varlamov (VGK), 41 saves from 42 shots - (0.976), W, 35-17-6, 65:00 minutes
Players Stats for San Jose Sharks
Player Name G A P +/- PIM S H SB GA TA FO MP PP MP PK MP
------------------------------------------------------------------------------------
Adam Henrique 1 0 1 1 0 3 2 1 2 0 11/20 21:30 3:38 2:05
Alec Martinez 0 0 0 1 0 4 0 1 0 0 0/0 20:35 2:16 2:06
Brandon Tanev 0 0 0 0 0 5 5 0 1 0 0/1 16:34 3:38 0:04
Calle Jarnkrok 0 0 0 1 0 0 0 0 0 0 0/0 15:42 0:00 0:00
Christopher Tanev 0 0 0 0 0 1 1 1 0 0 0/0 27:57 2:16 1:57
Connor Murphy 0 0 0 -1 0 0 0 1 1 1 0/0 17:56 0:00 0:50
Dmitry Orlov 0 0 0 1 2 0 2 1 0 1 0/0 20:42 3:41 1:02
Eeli Tolvanen 0 0 0 0 0 4 4 0 0 1 0/0 10:44 0:00 0:00
Ilya Mikheyev 0 0 0 0 0 1 0 0 0 0 0/0 11:32 0:04 0:00
Jonathan Drouin 0 0 0 -1 0 3 2 0 0 0 0/0 17:36 2:15 1:53
Kevin Fiala 0 1 1 1 0 6 0 0 0 1 0/3 21:31 3:38 2:05
Marcus Pettersson 0 0 0 -1 0 2 3 1 0 0 0/0 28:02 3:41 2:01
Matthew Knies 0 0 0 -1 0 3 3 2 0 0 0/0 15:40 2:15 0:00
Max Domi 0 0 0 0 0 4 0 0 0 0 4/11 12:37 0:04 0:00
Nick Perbix 0 0 0 0 2 0 1 1 0 1 0/0 15:22 0:00 0:00
Noel Acciari 0 1 1 0 0 0 4 0 0 0 1/3 10:36 0:00 0:00
Ryan Johansen 0 0 0 -1 0 4 0 0 1 0 13/21 19:10 2:15 1:49
T.J. Oshie 0 0 0 0 0 2 1 0 0 1 1/4 12:14 0:04 0:00
Players Stats for Vegas Golden Knights
Player Name G A P +/- PIM S H SB GA TA FO MP PP MP PK MP
------------------------------------------------------------------------------------
Auston Matthews 0 0 0 0 0 2 0 0 2 0 9/17 19:10 1:57 0:00
Brendan Smith 0 0 0 -1 2 0 4 1 0 0 0/0 17:05 0:00 2:01
Bryan Rust 0 0 0 0 0 1 0 1 0 1 0/3 19:51 1:57 1:33
Cole Smith 0 0 0 0 0 0 0 0 0 0 0/0 9:51 0:00 2:58
Danton Heinen 0 0 0 0 2 4 2 2 0 0 2/4 19:47 0:00 1:33
Joe Pavelski 0 0 0 0 0 1 0 0 0 0 10/17 12:56 1:37 0:00
Johnny Gaudreau 0 1 1 0 0 3 2 1 1 0 0/1 18:18 2:01 0:00
Jordan Staal 0 0 0 0 2 1 0 1 0 0 1/3 13:59 0:00 2:02
Marc-Edouard Vlasic 0 0 0 0 0 1 1 2 0 1 0/0 20:11 0:00 3:10
Mathew Barzal 0 0 0 0 0 4 3 0 1 0 0/0 19:24 1:57 0:00
Pierre-edouard Bellemare 0 0 0 0 0 1 0 0 1 1 3/5 9:51 0:00 2:58
Reilly Smith 0 0 0 0 0 0 1 0 0 0 0/0 2:33 2:21 0:00
Roman Josi 0 0 0 1 0 6 0 7 0 0 0/0 24:42 1:37 0:10
Ryan Graves 0 0 0 -1 0 2 1 2 0 1 0/0 18:06 0:00 2:47
Sean Monahan 0 1 1 0 0 1 0 0 0 1 7/12 20:17 2:01 0:00
Shea Theodore 0 0 0 1 0 0 0 1 0 0 0/0 25:25 0:00 3:10
Thomas Chabot 0 0 0 0 0 2 1 2 0 0 0/0 21:55 2:21 1:04
Tyler Toffoli 1 0 1 0 0 1 0 0 1 0 1/1 20:39 2:01 0:22
3 Stars
1 - Semyon Varlamov (VGK)
2 - Stuart Skinner (SJS)
3 - Adam Henrique (SJS)
Power Play
San Jose Sharks - 0 on 3 Attempt(s) - 0.00%
Vegas Golden Knights - 0 on 2 Attempt(s) - 0.00%
Penalty Kill
San Jose Sharks - 2 on 2 Attempt(s) - 100.00%
- Score 0 goal in Penalty Kill
Vegas Golden Knights - 3 on 3 Attempt(s) - 100.00%
- Score 0 goal in Penalty Kill
Team Stat
San Jose Sharks - Hits : 28 - Faceoff Wins : 30 - Blocked Shots : 9 - Penalty Minutes : 4
Vegas Golden Knights - Hits : 15 - Faceoff Wins : 33 - Blocked Shots : 20 - Penalty Minutes : 6
Official
Referees : Ian Walsh and Mitch Dunning
Linesman : Brandon Gawryletz and Justin Johnson
Game Notes
12:45 of 3rd period - San Jose Sharks goal is going for a video replay. After video review, No Goal. The puck has been kicked using a distinct kicking motion.
Finance
Level 1 -- Attendance: 5780 (96.33%) -- Ticket Income $549,100
Level 2 -- Attendance: 4757 (95.14%) -- Ticket Income $261,635
Level 3 -- Attendance: 2692 (89.73%) -- Ticket Income $80,760
Level 4 -- Attendance: 5000 (100.00%) -- Ticket Income $100,000
Luxury Box -- Attendance: 958 (95.80%) -- Ticket Income $182,020
Game was played at the T-Mobile Arena.
Total Attendance: 19187 (95.94%)
Total Ticket Income: $1,173,515
Other Income: $410,730
Total Income: $1,584,245
San Jose Sharks
5 vs 5 Forward
Center Left Wing Right Wing Time % Phy DF OF
1 Adam Henrique Kevin Fiala Calle Jarnkrok 30 1 2 2
2 Ryan Johansen Matthew Knies Jonathan Drouin 30 1 2 2
3 Max Domi Brandon Tanev T.J. Oshie 25 1 2 2
4 Noel Acciari Eeli Tolvanen Ilya Mikheyev 15 1 2 2
5 vs 5 Defense
Defense Defense Time % Phy DF OF
1 Marcus Pettersson Connor Murphy 30 1 2 2
2 Christopher Tanev Nick Perbix 30 1 2 2
3 Dmitry Orlov Alec Martinez 25 1 2 2
4 Marcus Pettersson Christopher Tanev 15 1 2 2
PowerPlay Forward
Center Left Wing Right Wing Time % Phy DF OF
1 Adam Henrique Kevin Fiala Brandon Tanev 50 1 2 2
2 Ryan Johansen Matthew Knies Jonathan Drouin 50 1 2 2
PowerPlay Defense
Defense Defense Time % Phy DF OF
1 Marcus Pettersson Dmitry Orlov 50 1 2 2
2 Christopher Tanev Alec Martinez 50 1 2 2
Penalty Kill 4 Players Forward
Center Wing Time % Phy DF OF
1 Adam Henrique Kevin Fiala 50 1 2 2
2 Ryan Johansen Jonathan Drouin 50 1 2 2
Penalty Kill 4 Players Defense
Defense Defense Time % Phy DF OF
1 Marcus Pettersson Alec Martinez 50 1 2 2
2 Christopher Tanev Dmitry Orlov 50 1 2 2
Penalty Kill - 3 Players Forward
Forward Time % Phy DF OF
1 Adam Henrique 50 1 2 2
2 Noel Acciari 50 1 2 2
Penalty Kill - 3 Players Defense
Defense Defense Time % Phy DF OF
1 Marcus Pettersson Dmitry Orlov 50 1 2 2
2 Christopher Tanev Alec Martinez 50 1 2 2
4 vs 4 Forward
Center Wing Time % Phy DF OF
1 Adam Henrique Kevin Fiala 50 1 2 2
2 Ryan Johansen Calle Jarnkrok 50 1 2 2
4 vs 4 Defense
Defense Defense Time % Phy DF OF
1 Marcus Pettersson Alec Martinez 50 1 2 2
2 Christopher Tanev Dmitry Orlov 50 1 2 2
Last Minutes Offensive
Center Left Wing Right Wing Defense Defense
Adam Henrique Kevin Fiala Calle Jarnkrok Marcus Pettersson Connor Murphy
Last Minutes Defensive
Center Left Wing Right Wing Defense Defense
Adam Henrique Kevin Fiala Calle Jarnkrok Marcus Pettersson Connor Murphy
Goaltenders
Starting : Stuart Skinner
Backup : Tristan Jarry
Extra Forwards
Normal : Ilya Mikheyev, Ryan Johansen, Brandon Tanev - PP : Ilya Mikheyev, Ryan Johansen - PK : Brandon Tanev
Extra Defensemen
Normal : Dmitry Orlov, Alec Martinez, Christopher Tanev - PP : Dmitry Orlov - PK : Alec Martinez, Christopher Tanev
Penalty Shots
Adam Henrique, Kevin Fiala, Ryan Johansen, Jonathan Drouin, T.J. Oshie
Scratches
Kasperi Kapanen (Healthy), Clay Stevenson (Healthy)
Vegas Golden Knights
5 vs 5 Forward
Center Left Wing Right Wing Time % Phy DF OF
1 Auston Matthews Bryan Rust Mathew Barzal 30 1 2 2
2 Sean Monahan Johnny Gaudreau Tyler Toffoli 30 1 2 2
3 Joe Pavelski Jordan Staal Danton Heinen 25 1 2 2
4 Pierre-edouard Bellemare Cole Smith Danton Heinen 15 1 2 2
5 vs 5 Defense
Defense Defense Time % Phy DF OF
1 Roman Josi Shea Theodore 30 1 2 2
2 Marc-Edouard Vlasic Thomas Chabot 30 1 2 2
3 Brendan Smith Ryan Graves 25 1 2 2
4 Shea Theodore Roman Josi 15 1 2 2
PowerPlay Forward
Center Left Wing Right Wing Time % Phy DF OF
1 Auston Matthews Bryan Rust Mathew Barzal 50 1 2 2
2 Sean Monahan Johnny Gaudreau Tyler Toffoli 50 1 2 2
PowerPlay Defense
Defense Defense Time % Phy DF OF
1 Roman Josi Joe Pavelski 50 1 2 2
2 Thomas Chabot Reilly Smith 50 1 2 2
Penalty Kill 4 Players Forward
Center Wing Time % Phy DF OF
1 Jordan Staal Danton Heinen 50 1 2 2
2 Pierre-edouard Bellemare Cole Smith 50 1 2 2
Penalty Kill 4 Players Defense
Defense Defense Time % Phy DF OF
1 Marc-Edouard Vlasic Shea Theodore 50 1 2 2
2 Brendan Smith Ryan Graves 50 1 2 2
Penalty Kill - 3 Players Forward
Forward Time % Phy DF OF
1 Jordan Staal 50 1 2 2
2 Pierre-edouard Bellemare 50 1 2 2
Penalty Kill - 3 Players Defense
Defense Defense Time % Phy DF OF
1 Marc-Edouard Vlasic Shea Theodore 50 1 2 2
2 Brendan Smith Ryan Graves 50 1 2 2
4 vs 4 Forward
Center Wing Time % Phy DF OF
1 Auston Matthews Mathew Barzal 50 1 2 2
2 Sean Monahan Tyler Toffoli 50 1 2 2
4 vs 4 Defense
Defense Defense Time % Phy DF OF
1 Roman Josi Shea Theodore 50 1 2 2
2 Thomas Chabot Ryan Graves 50 1 2 2
Last Minutes Offensive
Center Left Wing Right Wing Defense Defense
Auston Matthews Sean Monahan Mathew Barzal Roman Josi Thomas Chabot
Last Minutes Defensive
Center Left Wing Right Wing Defense Defense
Jordan Staal Bryan Rust Joe Pavelski Marc-Edouard Vlasic Shea Theodore
Goaltenders
Starting : Semyon Varlamov
Backup : Cayden Primeau
Extra Forwards
Normal : Sean Monahan, Auston Matthews, Bryan Rust - PP : Jordan Staal, Danton Heinen - PK : Bryan Rust
Extra Defensemen
Normal : Thomas Chabot, Roman Josi, Shea Theodore - PP : Shea Theodore - PK : Thomas Chabot, Roman Josi
Penalty Shots
Auston Matthews, Bryan Rust, Sean Monahan, Tyler Toffoli, Jordan Staal
Scratches
Denis Gurianov (Healthy), Matt Nieto (Healthy), Travis Hamonic (Healthy)
% Time on Ice - San Jose Sharks
Lines # - Real PCT - Wanted PCT - Time Play
Normal Forward
1 - 28% - 30% - 13:51
2 - 27% - 30% - 13:30
3 - 24% - 25% - 12:08
4 - 21% - 15% - 10:36
Normal Defense
1 - 30% - 30% - 15:09
2 - 34% - 30% - 17:12
3 - 26% - 25% - 12:54
4 - 10% - 15% - 4:50
PP Forward
1 - 61% - 50% - 3:38
2 - 39% - 50% - 2:19
PP Defense
1 - 62% - 50% - 3:41
2 - 38% - 50% - 2:16
PK Forward
1 - 53% - 50% - 2:05
2 - 47% - 50% - 1:53
PK Defense
1 - 48% - 50% - 1:54
2 - 52% - 50% - 2:04
PK3 Forward
1 - 0% - 50%
2 - 0% - 50%
PK3 Defense
1 - 0% - 50%
2 - 0% - 50%
44 Forward
1 - 53% - 50% - 2:39
2 - 47% - 50% - 2:21
44 Defense
1 - 61% - 50% - 3:02
2 - 39% - 50% - 1:58
Last Minute Offensive - 0:00
Last Minute Defensive - 0:00
Total
Forward - 65:00
Defense - 65:00
|
% Time on Ice - Vegas Golden Knights
Lines # - Real PCT - Wanted PCT - Time Play
Normal Forward
1 - 31% - 30% - 15:30
2 - 33% - 30% - 16:38
3 - 22% - 25% - 11:05
4 - 14% - 15% - 6:52
Normal Defense
1 - 28% - 30% - 13:56
2 - 33% - 30% - 16:25
3 - 26% - 25% - 12:51
4 - 14% - 15% - 6:53
PP Forward
1 - 49% - 50% - 1:57
2 - 51% - 50% - 2:01
PP Defense
1 - 41% - 50% - 1:37
2 - 59% - 50% - 2:21
PK Forward
1 - 46% - 50% - 2:45
2 - 54% - 50% - 3:12
PK Defense
1 - 53% - 50% - 3:10
2 - 47% - 50% - 2:47
PK3 Forward
1 - 0% - 50%
2 - 0% - 50%
PK3 Defense
1 - 0% - 50%
2 - 0% - 50%
44 Forward
1 - 50% - 50% - 2:31
2 - 50% - 50% - 2:29
44 Defense
1 - 59% - 50% - 2:56
2 - 41% - 50% - 2:04
Last Minute Offensive - 0:00
Last Minute Defensive - 0:00
Total
Forward - 65:00
Defense - 65:00
|
Play-by-Play
1st period
0:01 of 1st period - Auston Matthews wins face-off versus Adam Henrique in neutral zone.
0:33 of 1st period - Off-side.
0:34 of 1st period - Max Domi wins face-off versus Joe Pavelski in neutral zone.
1:01 of 1st period - Marc-Edouard Vlasic is hit by Eeli Tolvanen and loses puck.
2:09 of 1st period - Icing by Brandon Tanev.
2:10 of 1st period - Joe Pavelski wins face-off versus T.J. Oshie in San Jose Sharks zone.
2:11 of 1st period - Slapshot by Roman Josi.
2:11 of 1st period - Shot Blocked by Alec Martinez.
2:17 of 1st period - Slapshot by Roman Josi.
2:17 of 1st period - Shot Misses the Net.
2:19 of 1st period - Wrist shot by Jordan Staal.
2:19 of 1st period - Stopped by Stuart Skinner without a rebound.
2:20 of 1st period - Ryan Johansen wins face-off versus Sean Monahan in San Jose Sharks zone.
2:55 of 1st period - Wrist shot by Kevin Fiala.
2:55 of 1st period - Shot Blocked by Brendan Smith.
3:07 of 1st period - Slapshot by Joe Pavelski.
3:07 of 1st period - Shot Misses the Net.
3:31 of 1st period - Marc-Edouard Vlasic is hit by Noel Acciari and loses puck.
3:43 of 1st period - Off-side.
3:44 of 1st period - T.J. Oshie wins face-off versus Danton Heinen in neutral zone.
4:14 of 1st period - Off-side.
4:15 of 1st period - Sean Monahan wins face-off versus Ryan Johansen in neutral zone.
4:18 of 1st period - Slapshot by Sean Monahan.
4:18 of 1st period - Deflect By Tyler Toffoli.
4:18 of 1st period - Shot Blocked by Matthew Knies.
4:18 of 1st period - Puck is out of play.
4:19 of 1st period - Sean Monahan wins face-off versus Ryan Johansen in San Jose Sharks zone.
5:08 of 1st period - Slapshot by Joe Pavelski.
5:08 of 1st period - Deflect By Danton Heinen.
5:08 of 1st period - Stopped by Stuart Skinner with a rebound.
5:14 of 1st period - Brandon Tanev is hit by Danton Heinen and loses puck.
5:54 of 1st period - Icing by Bryan Rust.
5:55 of 1st period - Ryan Johansen wins face-off versus Auston Matthews in Vegas Golden Knights zone.
5:58 of 1st period - Wrist shot by Jonathan Drouin.
5:58 of 1st period - Shot Blocked by Marc-Edouard Vlasic.
6:00 of 1st period - Wrist shot by Ryan Johansen.
6:00 of 1st period - Shot Blocked by Bryan Rust.
6:06 of 1st period - Snap shot by Ryan Johansen.
6:06 of 1st period - Stopped by Semyon Varlamov without a rebound.
6:07 of 1st period - Pierre-edouard Bellemare wins face-off versus Adam Henrique in Vegas Golden Knights zone.
6:07 of 1st period - Pierre-edouard Bellemare is hit by Marcus Pettersson.
6:19 of 1st period - Wrist shot by Danton Heinen.
6:19 of 1st period - Stopped by Stuart Skinner without a rebound.
6:20 of 1st period - Joe Pavelski wins face-off versus T.J. Oshie in San Jose Sharks zone.
6:25 of 1st period - Snap shot by Joe Pavelski.
6:25 of 1st period - Stopped by Stuart Skinner without a rebound.
6:26 of 1st period - Joe Pavelski wins face-off versus Max Domi in San Jose Sharks zone.
6:41 of 1st period - Slapshot by Roman Josi.
6:41 of 1st period - Shot Misses the Net.
6:56 of 1st period - Icing by Roman Josi.
6:57 of 1st period - Joe Pavelski wins face-off versus Adam Henrique in Vegas Golden Knights zone.
7:18 of 1st period - Wrist shot by Danton Heinen.
7:18 of 1st period - Shot Misses the Net.
7:57 of 1st period - Slapshot by Eeli Tolvanen.
7:57 of 1st period - Shot Blocked by Roman Josi.
8:19 of 1st period - Roman Josi is hit by Brandon Tanev and loses puck.
9:06 of 1st period - Snap shot by Ilya Mikheyev.
9:06 of 1st period - Stopped by Semyon Varlamov with a rebound.
9:08 of 1st period - Wrist shot by Noel Acciari.
9:08 of 1st period - Shot Misses the Net.
9:10 of 1st period - Wrist shot by Eeli Tolvanen.
9:10 of 1st period - Stopped by Semyon Varlamov with a rebound.
9:31 of 1st period - Wrist shot by Adam Henrique.
9:31 of 1st period - Goal by Adam Henrique - San Jose Sharks : 1 - Vegas Golden Knights : 0.
9:32 of 1st period - Auston Matthews wins face-off versus Adam Henrique in neutral zone.
9:49 of 1st period - Connor Murphy is hit by Mathew Barzal and loses puck.
11:12 of 1st period - Snap shot by Sean Monahan.
11:12 of 1st period - Shot Blocked by Adam Henrique.
11:14 of 1st period - Slapshot by Johnny Gaudreau.
11:14 of 1st period - Shot Misses the Net.
11:16 of 1st period - Slapshot by Roman Josi.
11:16 of 1st period - Stopped by Stuart Skinner without a rebound.
11:17 of 1st period - Ryan Johansen wins face-off versus Sean Monahan in San Jose Sharks zone.
11:58 of 1st period - Snap shot by Tyler Toffoli.
11:58 of 1st period - Shot Blocked by Connor Murphy.
12:00 of 1st period - Snap shot by Tyler Toffoli.
12:00 of 1st period - Goal by Tyler Toffoli - San Jose Sharks : 1 - Vegas Golden Knights : 1.
12:01 of 1st period - Adam Henrique wins face-off versus Bryan Rust in neutral zone.
12:06 of 1st period - Snap shot by Kevin Fiala.
12:06 of 1st period - Shot Blocked by Thomas Chabot.
12:08 of 1st period - Snap shot by Christopher Tanev.
12:08 of 1st period - Deflect By Auston Matthews.
12:08 of 1st period - Stopped by Semyon Varlamov without a rebound.
12:09 of 1st period - Auston Matthews wins face-off versus Adam Henrique in Vegas Golden Knights zone.
12:20 of 1st period - Wrist shot by Adam Henrique.
12:20 of 1st period - Deflect By Kevin Fiala.
12:20 of 1st period - Stopped by Semyon Varlamov without a rebound.
12:21 of 1st period - Auston Matthews wins face-off versus Max Domi in Vegas Golden Knights zone.
12:21 of 1st period - Auston Matthews is hit by T.J. Oshie.
12:29 of 1st period - Christopher Tanev is hit by Mathew Barzal and loses puck.
12:48 of 1st period - Joe Pavelski is hit by Marcus Pettersson and loses puck.
12:53 of 1st period - Wrist shot by Jonathan Drouin.
12:53 of 1st period - Deflect By Ryan Johansen.
12:53 of 1st period - Stopped by Semyon Varlamov with a rebound.
12:55 of 1st period - Slapshot by Dmitry Orlov.
12:55 of 1st period - Shot Blocked by Danton Heinen.
12:57 of 1st period - Snap shot by Dmitry Orlov.
12:57 of 1st period - Shot Blocked by Danton Heinen.
13:55 of 1st period - Slapshot by Mathew Barzal.
13:55 of 1st period - Stopped by Stuart Skinner with a rebound.
13:57 of 1st period - Slapshot by Auston Matthews.
13:57 of 1st period - Deflect By Mathew Barzal.
13:57 of 1st period - Deflect By Kevin Fiala.
13:57 of 1st period - Shot Misses the Net.
13:57 of 1st period - Puck is out of play.
13:58 of 1st period - Max Domi wins face-off versus Sean Monahan in San Jose Sharks zone.
14:05 of 1st period - Snap shot by T.J. Oshie.
14:05 of 1st period - Shot Blocked by Ryan Graves.
14:24 of 1st period - Snap shot by Sean Monahan.
14:24 of 1st period - Shot Misses the Net.
14:26 of 1st period - Slapshot by Mathew Barzal.
14:26 of 1st period - Shot Misses the Net.
14:30 of 1st period - Snap shot by Mathew Barzal.
14:30 of 1st period - Shot Blocked by Marcus Pettersson.
14:32 of 1st period - Slapshot by Ryan Graves.
14:32 of 1st period - Stopped by Stuart Skinner with a rebound.
14:55 of 1st period - Icing by Joe Pavelski.
14:56 of 1st period - Max Domi wins face-off versus Jordan Staal in Vegas Golden Knights zone.
15:00 of 1st period - Minor Penalty to Brendan Smith for Roughing.
15:01 of 1st period - Adam Henrique wins face-off versus Jordan Staal in Vegas Golden Knights zone.
15:28 of 1st period - Marc-Edouard Vlasic is hit by Marcus Pettersson and loses puck.
16:51 of 1st period - Brandon Tanev is hit by Thomas Chabot and loses puck.
17:00 of 1st period - Penalty to Brendan Smith is over, Brendan Smith is back on ice.
17:14 of 1st period - Snap shot by Danton Heinen.
17:14 of 1st period - Stopped by Stuart Skinner without a rebound.
17:15 of 1st period - Sean Monahan wins face-off versus Noel Acciari in San Jose Sharks zone.
17:34 of 1st period - Marc-Edouard Vlasic is hit by Eeli Tolvanen and loses puck.
18:40 of 1st period - Backhand shot by Brandon Tanev.
18:40 of 1st period - Stopped by Semyon Varlamov with a rebound.
18:44 of 1st period - Wrist shot by Max Domi.
18:44 of 1st period - Shot Misses the Net.
18:46 of 1st period - Slapshot by Brandon Tanev.
18:46 of 1st period - Stopped by Semyon Varlamov with a rebound.
19:34 of 1st period - Bryan Rust is hit by Adam Henrique and loses puck.
19:51 of 1st period - Snap shot by Johnny Gaudreau.
19:51 of 1st period - Stopped by Stuart Skinner with a rebound.
Goals for this period are 1 for San Jose Sharks vs 1 for Vegas Golden Knights.
Shots for this period are 9 for San Jose Sharks vs 10 for Vegas Golden Knights.
2nd period
0:01 of 2nd period - Ryan Johansen wins face-off versus Danton Heinen in neutral zone.
0:10 of 2nd period - Wrist shot by Jonathan Drouin.
0:10 of 2nd period - Stopped by Semyon Varlamov without a rebound.
0:11 of 2nd period - Joe Pavelski wins face-off versus Max Domi in Vegas Golden Knights zone.
0:11 of 2nd period - Joe Pavelski is hit by Nick Perbix.
0:14 of 2nd period - Minor Penalty to Danton Heinen for Roughing.
0:15 of 2nd period - Jordan Staal wins face-off versus Ryan Johansen in Vegas Golden Knights zone.
0:41 of 2nd period - Cole Smith is hit by Brandon Tanev and loses puck.
2:14 of 2nd period - Penalty to Danton Heinen is over, Danton Heinen is back on ice.
2:21 of 2nd period - Backhand shot by Johnny Gaudreau.
2:21 of 2nd period - Stopped by Stuart Skinner with a rebound.
2:23 of 2nd period - Snap shot by Roman Josi.
2:23 of 2nd period - Stopped by Stuart Skinner without a rebound.
2:24 of 2nd period - Sean Monahan wins face-off versus Noel Acciari in San Jose Sharks zone.
2:57 of 2nd period - Snap shot by Sean Monahan.
2:57 of 2nd period - Shot Misses the Net.
3:07 of 2nd period - Wrist shot by Tyler Toffoli.
3:07 of 2nd period - Shot Misses the Net.
3:09 of 2nd period - Snap shot by Thomas Chabot.
3:09 of 2nd period - Stopped by Stuart Skinner without a rebound.
3:10 of 2nd period - Ryan Johansen wins face-off versus Joe Pavelski in San Jose Sharks zone.
3:15 of 2nd period - Wrist shot by Matthew Knies.
3:15 of 2nd period - Stopped by Semyon Varlamov with a rebound.
3:23 of 2nd period - Snap shot by Danton Heinen.
3:23 of 2nd period - Shot Blocked by Matthew Knies.
3:25 of 2nd period - Slapshot by Ryan Graves.
3:25 of 2nd period - Stopped by Stuart Skinner without a rebound.
3:26 of 2nd period - Auston Matthews wins face-off versus Max Domi in San Jose Sharks zone.
3:32 of 2nd period - Minor Penalty to Dmitry Orlov for Goalie Interference.
3:33 of 2nd period - Auston Matthews wins face-off versus Adam Henrique in San Jose Sharks zone.
4:24 of 2nd period - Wrist shot by Ryan Johansen.
4:24 of 2nd period - Shot Blocked by Thomas Chabot.
4:26 of 2nd period - Slapshot by Alec Martinez.
4:26 of 2nd period - Stopped by Semyon Varlamov with a rebound.
5:32 of 2nd period - Penalty to Dmitry Orlov is over, Dmitry Orlov is back on ice.
5:44 of 2nd period - Wrist shot by Pierre-edouard Bellemare.
5:44 of 2nd period - Stopped by Stuart Skinner without a rebound.
5:45 of 2nd period - Pierre-edouard Bellemare wins face-off versus T.J. Oshie in San Jose Sharks zone.
6:12 of 2nd period - Cole Smith is hit by Eeli Tolvanen and loses puck.
6:23 of 2nd period - Slapshot by Shea Theodore.
6:23 of 2nd period - Shot Misses the Net.
7:25 of 2nd period - Wrist shot by Matthew Knies.
7:25 of 2nd period - Shot Blocked by Jordan Staal.
7:37 of 2nd period - Roman Josi is hit by Noel Acciari and loses puck.
7:42 of 2nd period - Backhand shot by Eeli Tolvanen.
7:42 of 2nd period - Deflect By Ilya Mikheyev.
7:42 of 2nd period - Shot Misses the Net.
7:42 of 2nd period - Puck is out of play.
7:43 of 2nd period - Adam Henrique wins face-off versus Auston Matthews in Vegas Golden Knights zone.
8:17 of 2nd period - Matthew Knies is hit by Brendan Smith and loses puck.
8:30 of 2nd period - Snap shot by Brandon Tanev.
8:30 of 2nd period - Stopped by Semyon Varlamov with a rebound.
8:32 of 2nd period - Snap shot by Max Domi.
8:32 of 2nd period - Stopped by Semyon Varlamov with a rebound.
8:34 of 2nd period - Snap shot by Max Domi.
8:34 of 2nd period - Stopped by Semyon Varlamov with a rebound.
8:36 of 2nd period - Snap shot by Brandon Tanev.
8:36 of 2nd period - Shot Misses the Net.
8:38 of 2nd period - Slapshot by Alec Martinez.
8:38 of 2nd period - Stopped by Semyon Varlamov with a rebound.
8:40 of 2nd period - Slapshot by Alec Martinez.
8:40 of 2nd period - Shot Misses the Net.
8:54 of 2nd period - Snap shot by Eeli Tolvanen.
8:54 of 2nd period - Shot Blocked by Ryan Graves.
8:56 of 2nd period - Slapshot by Marcus Pettersson.
8:56 of 2nd period - Stopped by Semyon Varlamov with a rebound.
8:58 of 2nd period - Snap shot by Eeli Tolvanen.
8:58 of 2nd period - Stopped by Semyon Varlamov with a rebound.
9:14 of 2nd period - Wrist shot by Sean Monahan.
9:14 of 2nd period - Deflect By Tyler Toffoli.
9:14 of 2nd period - Shot Misses the Net.
9:14 of 2nd period - Puck is out of play.
9:15 of 2nd period - Sean Monahan wins face-off versus Kevin Fiala in San Jose Sharks zone.
9:50 of 2nd period - Slapshot by Roman Josi.
9:50 of 2nd period - Shot Blocked by Nick Perbix.
9:52 of 2nd period - Snap shot by Joe Pavelski.
9:52 of 2nd period - Deflect By Danton Heinen.
9:52 of 2nd period - Shot Blocked by Christopher Tanev.
9:52 of 2nd period - Puck is out of play.
9:53 of 2nd period - Auston Matthews wins face-off versus Max Domi in San Jose Sharks zone.
10:04 of 2nd period - Snap shot by Auston Matthews.
10:04 of 2nd period - Shot Misses the Net.
10:06 of 2nd period - Slapshot by Marc-Edouard Vlasic.
10:06 of 2nd period - Stopped by Stuart Skinner with a rebound.
10:08 of 2nd period - Wrist shot by Bryan Rust.
10:08 of 2nd period - Stopped by Stuart Skinner with a rebound.
10:10 of 2nd period - Slapshot by Mathew Barzal.
10:10 of 2nd period - Shot Misses the Net.
11:03 of 2nd period - Wrist shot by T.J. Oshie.
11:03 of 2nd period - Shot Blocked by Roman Josi.
11:11 of 2nd period - Wrist shot by Max Domi.
11:11 of 2nd period - Stopped by Semyon Varlamov with a rebound.
11:13 of 2nd period - Wrist shot by Max Domi.
11:13 of 2nd period - Shot Misses the Net.
11:15 of 2nd period - Wrist shot by Brandon Tanev.
11:15 of 2nd period - Shot Blocked by Roman Josi.
11:17 of 2nd period - Snap shot by Marcus Pettersson.
11:17 of 2nd period - Stopped by Semyon Varlamov without a rebound.
11:18 of 2nd period - Auston Matthews wins face-off versus Ryan Johansen in Vegas Golden Knights zone.
11:27 of 2nd period - Slapshot by Matthew Knies.
11:27 of 2nd period - Stopped by Semyon Varlamov without a rebound.
11:28 of 2nd period - Ryan Johansen wins face-off versus Auston Matthews in Vegas Golden Knights zone.
11:43 of 2nd period - Snap shot by Matthew Knies.
11:43 of 2nd period - Deflect By Ryan Johansen.
11:43 of 2nd period - Stopped by Semyon Varlamov without a rebound.
11:44 of 2nd period - Adam Henrique wins face-off versus Joe Pavelski in Vegas Golden Knights zone.
11:45 of 2nd period - Wrist shot by Kevin Fiala.
11:45 of 2nd period - Stopped by Semyon Varlamov without a rebound.
11:46 of 2nd period - Danton Heinen wins face-off versus Kevin Fiala in Vegas Golden Knights zone.
11:53 of 2nd period - Wrist shot by Kevin Fiala.
11:53 of 2nd period - Stopped by Semyon Varlamov without a rebound.
11:54 of 2nd period - Adam Henrique wins face-off versus Joe Pavelski in Vegas Golden Knights zone.
12:07 of 2nd period - Wrist shot by Adam Henrique.
12:07 of 2nd period - Stopped by Semyon Varlamov without a rebound.
12:08 of 2nd period - Ryan Johansen wins face-off versus Auston Matthews in Vegas Golden Knights zone.
12:42 of 2nd period - Roman Josi is hit by Matthew Knies and loses puck.
12:47 of 2nd period - Wrist shot by Jonathan Drouin.
12:47 of 2nd period - Shot Blocked by Roman Josi.
12:49 of 2nd period - Snap shot by Matthew Knies.
12:49 of 2nd period - Stopped by Semyon Varlamov with a rebound.
12:51 of 2nd period - Slapshot by Dmitry Orlov.
12:51 of 2nd period - Shot Blocked by Roman Josi.
13:01 of 2nd period - Snap shot by Matthew Knies.
13:01 of 2nd period - Shot Misses the Net.
13:03 of 2nd period - Backhand shot by Nick Perbix.
13:03 of 2nd period - Deflect By Jonathan Drouin.
13:03 of 2nd period - Stopped by Semyon Varlamov with a rebound.
13:05 of 2nd period - Snap shot by Matthew Knies.
13:05 of 2nd period - Shot Misses the Net.
13:07 of 2nd period - Snap shot by Ryan Johansen.
13:07 of 2nd period - Stopped by Semyon Varlamov with a rebound.
13:09 of 2nd period - Wrist shot by Ryan Johansen.
13:09 of 2nd period - Deflect By Roman Josi.
13:09 of 2nd period - Shot Misses the Net.
13:09 of 2nd period - Puck is out of play.
13:10 of 2nd period - Danton Heinen wins face-off versus Adam Henrique in Vegas Golden Knights zone.
13:17 of 2nd period - Snap shot by Adam Henrique.
13:17 of 2nd period - Shot Misses the Net.
13:19 of 2nd period - Snap shot by Kevin Fiala.
13:19 of 2nd period - Stopped by Semyon Varlamov with a rebound.
14:00 of 2nd period - Bryan Rust is hit by Noel Acciari and loses puck.
14:13 of 2nd period - Snap shot by Auston Matthews.
14:13 of 2nd period - Stopped by Stuart Skinner with a rebound.
14:15 of 2nd period - Snap shot by Bryan Rust.
14:15 of 2nd period - Shot Blocked by Dmitry Orlov.
14:17 of 2nd period - Slapshot by Marc-Edouard Vlasic.
14:17 of 2nd period - Deflect By Mathew Barzal.
14:17 of 2nd period - Stopped by Stuart Skinner with a rebound.
14:19 of 2nd period - Snap shot by Mathew Barzal.
14:19 of 2nd period - Stopped by Stuart Skinner without a rebound.
14:20 of 2nd period - Adam Henrique wins face-off versus Joe Pavelski in San Jose Sharks zone.
14:56 of 2nd period - Snap shot by Sean Monahan.
14:56 of 2nd period - Stopped by Stuart Skinner with a rebound.
15:12 of 2nd period - Cole Smith is hit by Brandon Tanev.
16:31 of 2nd period - Danton Heinen is hit by Jonathan Drouin and loses puck.
16:40 of 2nd period - Wrist shot by Matthew Knies.
16:40 of 2nd period - Shot Blocked by Marc-Edouard Vlasic.
17:14 of 2nd period - Sean Monahan is hit by Dmitry Orlov and loses puck.
17:26 of 2nd period - Icing by Tyler Toffoli.
17:27 of 2nd period - Auston Matthews wins face-off versus Max Domi in Vegas Golden Knights zone.
17:56 of 2nd period - Off-side.
17:57 of 2nd period - Adam Henrique wins face-off versus Johnny Gaudreau in neutral zone.
18:26 of 2nd period - Wrist shot by Kevin Fiala.
18:26 of 2nd period - Shot Blocked by Roman Josi.
18:28 of 2nd period - Wrist shot by Alec Martinez.
18:28 of 2nd period - Stopped by Semyon Varlamov with a rebound.
18:30 of 2nd period - Wrist shot by Alec Martinez.
18:30 of 2nd period - Deflect By Kevin Fiala.
18:30 of 2nd period - Stopped by Semyon Varlamov without a rebound.
18:31 of 2nd period - Joe Pavelski wins face-off versus Ryan Johansen in Vegas Golden Knights zone.
18:56 of 2nd period - Marcus Pettersson is hit by Brendan Smith and loses puck.
19:23 of 2nd period - Pierre-edouard Bellemare is hit by Eeli Tolvanen and loses puck.
19:43 of 2nd period - Snap shot by Adam Henrique.
19:43 of 2nd period - Shot Misses the Net.
19:45 of 2nd period - Slapshot by Christopher Tanev.
19:45 of 2nd period - Shot Misses the Net.
Goals for this period are 0 for San Jose Sharks vs 0 for Vegas Golden Knights.
Shots for this period are 22 for San Jose Sharks vs 11 for Vegas Golden Knights.
3rd period
0:01 of 3rd period - Joe Pavelski wins face-off versus Ryan Johansen in neutral zone.
0:39 of 3rd period - Kevin Fiala is hit by Mathew Barzal and loses puck.
0:52 of 3rd period - Shea Theodore is hit by Dmitry Orlov and loses puck.
1:11 of 3rd period - Slapshot by Auston Matthews.
1:11 of 3rd period - Stopped by Stuart Skinner without a rebound.
1:12 of 3rd period - Joe Pavelski wins face-off versus Ryan Johansen in San Jose Sharks zone.
1:13 of 3rd period - Wrist shot by Danton Heinen.
1:13 of 3rd period - Shot Misses the Net.
1:15 of 3rd period - Slapshot by Thomas Chabot.
1:15 of 3rd period - Stopped by Stuart Skinner with a rebound.
1:19 of 3rd period - Slapshot by Danton Heinen.
1:19 of 3rd period - Shot Misses the Net.
1:21 of 3rd period - Snap shot by Joe Pavelski.
1:21 of 3rd period - Shot Misses the Net.
1:37 of 3rd period - Tyler Toffoli is hit by Adam Henrique and loses puck.
2:39 of 3rd period - Slapshot by Eeli Tolvanen.
2:39 of 3rd period - Deflect By Noel Acciari.
2:39 of 3rd period - Shot Blocked by Johnny Gaudreau.
2:39 of 3rd period - Puck is out of play.
2:40 of 3rd period - Noel Acciari wins face-off versus Auston Matthews in Vegas Golden Knights zone.
3:14 of 3rd period - Wrist shot by Eeli Tolvanen.
3:14 of 3rd period - Stopped by Semyon Varlamov with a rebound.
3:16 of 3rd period - Slapshot by Noel Acciari.
3:16 of 3rd period - Shot Misses the Net.
3:18 of 3rd period - Slapshot by Alec Martinez.
3:18 of 3rd period - Stopped by Semyon Varlamov with a rebound.
3:36 of 3rd period - Snap shot by Eeli Tolvanen.
3:36 of 3rd period - Shot Blocked by Shea Theodore.
3:38 of 3rd period - Snap shot by Eeli Tolvanen.
3:38 of 3rd period - Stopped by Semyon Varlamov without a rebound.
3:39 of 3rd period - Joe Pavelski wins face-off versus Kevin Fiala in Vegas Golden Knights zone.
3:41 of 3rd period - Minor Penalty to Jordan Staal for Tripping.
3:42 of 3rd period - Ryan Johansen wins face-off versus Pierre-edouard Bellemare in Vegas Golden Knights zone.
3:49 of 3rd period - Icing by Dmitry Orlov.
3:50 of 3rd period - Ryan Johansen wins face-off versus Bryan Rust in San Jose Sharks zone.
3:57 of 3rd period - Wrist shot by Danton Heinen.
3:57 of 3rd period - Stopped by Stuart Skinner without a rebound.
3:58 of 3rd period - Adam Henrique wins face-off versus Pierre-edouard Bellemare in San Jose Sharks zone.
4:07 of 3rd period - Snap shot by Brandon Tanev.
4:07 of 3rd period - Stopped by Semyon Varlamov without a rebound.
4:08 of 3rd period - Pierre-edouard Bellemare wins face-off versus Brandon Tanev in Vegas Golden Knights zone.
5:28 of 3rd period - Snap shot by Brandon Tanev.
5:28 of 3rd period - Shot Misses the Net.
5:30 of 3rd period - Snap shot by Adam Henrique.
5:30 of 3rd period - Shot Misses the Net.
5:32 of 3rd period - Wrist shot by Kevin Fiala.
5:32 of 3rd period - Stopped by Semyon Varlamov with a rebound.
5:34 of 3rd period - Slapshot by Dmitry Orlov.
5:34 of 3rd period - Deflect By Kevin Fiala.
5:34 of 3rd period - Shot Misses the Net.
5:34 of 3rd period - Puck is out of play.
5:35 of 3rd period - Ryan Johansen wins face-off versus Bryan Rust in Vegas Golden Knights zone.
5:41 of 3rd period - Penalty to Jordan Staal is over, Jordan Staal is back on ice.
6:25 of 3rd period - Bryan Rust is hit by Matthew Knies and loses puck.
6:40 of 3rd period - Shea Theodore is hit by Noel Acciari and loses puck.
6:51 of 3rd period - Johnny Gaudreau is hit by Matthew Knies and loses puck.
7:40 of 3rd period - Connor Murphy is hit by Marc-Edouard Vlasic and loses puck.
8:11 of 3rd period - Jonathan Drouin is hit by Ryan Graves and loses puck.
8:35 of 3rd period - Off-side.
8:36 of 3rd period - Tyler Toffoli wins face-off versus Adam Henrique in neutral zone.
9:12 of 3rd period - Minor Penalty to Nick Perbix for Slashing.
9:13 of 3rd period - Ryan Johansen wins face-off versus Sean Monahan in San Jose Sharks zone.
9:13 of 3rd period - Ryan Johansen is hit by Reilly Smith.
10:29 of 3rd period - Icing by Thomas Chabot.
10:30 of 3rd period - Ryan Johansen wins face-off versus Auston Matthews in Vegas Golden Knights zone.
10:55 of 3rd period - Dmitry Orlov is hit by Johnny Gaudreau and loses puck.
11:12 of 3rd period - Penalty to Nick Perbix is over, Nick Perbix is back on ice.
12:20 of 3rd period - Snap shot by Kevin Fiala.
12:20 of 3rd period - Shot Misses the Net.
12:22 of 3rd period - Wrist shot by Adam Henrique.
12:22 of 3rd period - Stopped by Semyon Varlamov without a rebound.
12:23 of 3rd period - Sean Monahan wins face-off versus Max Domi in Vegas Golden Knights zone.
12:32 of 3rd period - Wrist shot by Johnny Gaudreau.
12:32 of 3rd period - Stopped by Stuart Skinner without a rebound.
12:33 of 3rd period - Max Domi wins face-off versus Joe Pavelski in San Jose Sharks zone.
12:33 of 3rd period - Max Domi is hit by Danton Heinen.
12:43 of 3rd period - Slapshot by Brandon Tanev.
12:43 of 3rd period - Stopped by Semyon Varlamov with a rebound.
12:45 of 3rd period - Snap shot by Max Domi.
12:45 of 3rd period - San Jose Sharks goal is going for a video replay.
12:45 of 3rd period - The goal is refused. The puck has been kicked using a distinct kicking motion..
12:46 of 3rd period - Joe Pavelski wins face-off versus Adam Henrique in Vegas Golden Knights zone.
13:11 of 3rd period - Bryan Rust is hit by Jonathan Drouin.
14:16 of 3rd period - Wrist shot by Mathew Barzal.
14:16 of 3rd period - Shot Misses the Net.
14:20 of 3rd period - Snap shot by Bryan Rust.
14:20 of 3rd period - Shot Misses the Net.
14:22 of 3rd period - Snap shot by Mathew Barzal.
14:22 of 3rd period - Stopped by Stuart Skinner without a rebound.
14:23 of 3rd period - Adam Henrique wins face-off versus Joe Pavelski in San Jose Sharks zone.
14:29 of 3rd period - Slapshot by Roman Josi.
14:29 of 3rd period - Stopped by Stuart Skinner with a rebound.
14:31 of 3rd period - Slapshot by Roman Josi.
14:31 of 3rd period - Stopped by Stuart Skinner with a rebound.
14:58 of 3rd period - Off-side.
14:59 of 3rd period - Sean Monahan wins face-off versus Ryan Johansen in neutral zone.
15:02 of 3rd period - Jonathan Drouin is hit by Johnny Gaudreau and loses puck.
15:25 of 3rd period - Ryan Graves is hit by Brandon Tanev and loses puck.
15:56 of 3rd period - Slapshot by Eeli Tolvanen.
15:56 of 3rd period - Shot Blocked by Roman Josi.
16:14 of 3rd period - Roman Josi is hit by Christopher Tanev and loses puck.
16:33 of 3rd period - Slapshot by Roman Josi.
16:33 of 3rd period - Stopped by Stuart Skinner with a rebound.
16:55 of 3rd period - Snap shot by Ryan Johansen.
16:55 of 3rd period - Deflect By Jonathan Drouin.
16:55 of 3rd period - Stopped by Semyon Varlamov with a rebound.
17:23 of 3rd period - Snap shot by Matthew Knies.
17:23 of 3rd period - Shot Misses the Net.
17:30 of 3rd period - Icing by Brendan Smith.
17:31 of 3rd period - Adam Henrique wins face-off versus Sean Monahan in Vegas Golden Knights zone.
17:54 of 3rd period - Wrist shot by T.J. Oshie.
17:54 of 3rd period - Stopped by Semyon Varlamov with a rebound.
18:16 of 3rd period - Snap shot by Roman Josi.
18:16 of 3rd period - Stopped by Stuart Skinner with a rebound.
19:35 of 3rd period - Slapshot by Max Domi.
19:35 of 3rd period - Deflect By T.J. Oshie.
19:35 of 3rd period - Stopped by Semyon Varlamov with a rebound.
Goals for this period are 0 for San Jose Sharks vs 0 for Vegas Golden Knights.
Shots for this period are 11 for San Jose Sharks vs 9 for Vegas Golden Knights.
Overtime #1
0:01 of 1st overtime period - Adam Henrique wins face-off versus Auston Matthews in neutral zone.
2:02 of 1st overtime period - Ilya Mikheyev is hit by Brendan Smith and loses puck.
2:56 of 1st overtime period - Ryan Johansen is hit by Brendan Smith and loses puck.
3:17 of 1st overtime period - Auston Matthews is hit by Brandon Tanev and loses puck.
4:19 of 1st overtime period - Icing by Shea Theodore.
4:20 of 1st overtime period - Ryan Johansen wins face-off versus Auston Matthews in Vegas Golden Knights zone.
Goals for this period are 0 for San Jose Sharks vs 0 for Vegas Golden Knights.
Shots for this period are 0 for San Jose Sharks vs 0 for Vegas Golden Knights.
ShootOut
5:00 of 1st overtime period - Round #1.
5:00 of 1st overtime period - San Jose Sharks, Adam Henrique.
5:00 of 1st overtime period - Deke by Adam Henrique.
5:00 of 1st overtime period - Stopped by Semyon Varlamov.
5:00 of 1st overtime period - Vegas Golden Knights, Auston Matthews.
5:00 of 1st overtime period - Snap shot by Auston Matthews.
5:00 of 1st overtime period - Stopped by Stuart Skinner.
5:00 of 1st overtime period - Round #2.
5:00 of 1st overtime period - San Jose Sharks, Kevin Fiala.
5:00 of 1st overtime period - Deke by Kevin Fiala.
5:00 of 1st overtime period - Stopped by Semyon Varlamov.
5:00 of 1st overtime period - Vegas Golden Knights, Bryan Rust.
5:00 of 1st overtime period - Snap shot by Bryan Rust.
5:00 of 1st overtime period - Goal by Bryan Rust.
5:00 of 1st overtime period - Round #3.
5:00 of 1st overtime period - San Jose Sharks, Ryan Johansen.
5:00 of 1st overtime period - Snap shot by Ryan Johansen.
5:00 of 1st overtime period - Stopped by Semyon Varlamov.
Back to the Top